 Dungeon Crawl Stone Soup version 0.31.0-32-g396128a36d (webtiles) character file.

Game seed: 6726914371992022544

54508 Marvel the Tortoise (level 14, 0/92 HPs)
             Began as a Gargoyle Fighter on Mar 28, 2024.
             Was the Champion of Wu Jian.
             Killed from afar by a deep elf pyromancer (36 damage)
             ... with a bolt of fire
             ... on level 15 of the Dungeon.
             The game lasted 00:58:58 (24524 turns).

Marvel the Tortoise (Gargoyle Fighter)             Turns: 24524, Time: 00:58:58

Health: 0/92       AC: 40    Str: 25    XL:     14   Next: 73%
Magic:  14/14      EV:  8    Int:  9    God:    Wu Jian [******]
Gold:   1578       SH:  9    Dex:  9    Spells: 13/13 levels left

rFire   . . .        h - +6 club (spect)
rCold   + . .        U - +2 buckler
rNeg    + . .        b - +3 plate armour {rC+}
rPois   ∞            O - +1 hat {Will+}
rElec   +            p - +0 cloak
rCorr   .            i - +0 pair of gloves
SInv    .            J - +0 pair of boots
Will    +++..        g - amulet of magic regeneration Stlth
                     t - ring of willpower
HPRegen 0.35/turn    W - +4 ring of protection
MPRegen 0.54/turn

%: no passive effects
@: on fire, flying, glowing, studying Unarmed Combat
A: sickness immunity, AC +10, big wings, negative energy resistance 1,
electricity resistance, torment resistance 1, petrification resistance
a: Renounce Religion, Wall Jump, Serpent's Lash, Heavenly Storm


You were on level 15 of the Dungeon.
You worshipped Wu Jian.
Wu Jian was exalted by your worship.
You visited 3 branches of the dungeon, and saw 20 of its levels.

You collected 1636 gold pieces.
You spent 58 gold pieces at shops.

Inventory:

Hand Weapons
 a - a +0 vampiric flail
 h - a +6 spectral club (weapon)
Missiles
 n - 13 boomerangs (quivered)
 G - 4 atropa-tipped darts
 Q - 4 datura-tipped darts
Armour
 b - a +3 plate armour of cold resistance (worn)
 c - a +0 buckler
 i - a +0 pair of gloves (worn)
 p - a +0 cloak (worn)
 I - a +2 helmet of intelligence
 J - a +0 pair of boots (worn)
 O - a +1 hat of willpower (worn)
 U - a +2 buckler (worn)
Jewellery
 g - an amulet of magic regeneration (around neck)
 t - a ring of willpower (left hand)
 x - a +6 ring of dexterity
 z - a ring of willpower
 N - a +4 ring of protection
 W - a +4 ring of protection (right hand)
Wands
 e - a wand of paralysis (14)
 l - a wand of digging (13)
 m - a wand of roots (8)
 v - a wand of quicksilver (25)
 B - a wand of flame (36)
 S - a wand of mindburst (14)
Scrolls
 d - 2 scrolls of poison
 o - 3 scrolls of noise
 q - a scroll of vulnerability
 s - 2 scrolls of brand weapon
 y - 6 scrolls of fog
 D - 2 scrolls of identify
 E - 7 scrolls of teleportation
 F - a scroll of revelation
 L - a scroll of enchant armour
 R - a scroll of enchant weapon
 T - a scroll of amnesia
 X - a scroll of fear
Potions
 f - 3 potions of magic
 j - 8 potions of curing
 k - 3 potions of degeneration
 r - 3 potions of lignification
 u - a potion of haste
 w - 3 potions of brilliance
 A - 2 potions of might
 C - 4 potions of mutation
 H - 8 potions of ambrosia
 K - a potion of enlightenment
 M - 2 potions of cancellation
 P - a potion of attraction
 V - a potion of invisibility
 Y - a potion of heal wounds


   Skills:
 + Level 12.9 Fighting
 + Level 14.5 Maces & Flails
 - Level 0.6 Throwing
 + Level 15.0 Armour
 - Level 2.0 Dodging
 - Level 0.8 Stealth
 + Level 13.5 Shields
 + Level 0.6 Evocations


You had 13 spell levels left.
You didn't know any spells.
Your spell library contained the following spells:

 Spells                   Type           Power      Damage    Failure   Level
 Apportation              Tloc           0%         N/A       97%         1
 Necrotise                Necr           0%         1d4       97%         1
 Sandblast                Erth           0%         2d4       97%         1
 Sting                    Conj/Alch      0%         1d3       97%         1
 Summon Small Mammal      Summ           0%         N/A       97%         1
 Fugue of the Fallen      Necr           0%         N/A       100%        3
 Gell's Gravitas          Tloc           0%         N/A       100%        3
 Ozocubu's Armour         Ice            0%         N/A       100%        3
 Teleport Other           Tloc           0%         N/A       100%        3
 Tukima's Dance           Hex            0%         N/A       100%        3
 Vampiric Draining        Necr           0%         2d6       100%        3
 Dimensional Bullseye     Hex/Tloc       0%         N/A       100%        4
 Iskenderun's Mystic Bla  Conj/Tloc      0%         2d3       100%        4
 Manifold Assault         Tloc           0%         N/A       100%        4
 Martyr's Knell           Necr/Summ      0%         N/A       100%        4
 Borgnjor's Vile Clutch   Necr/Erth      0%         N/A       100%        5
 Curse of Agony           Necr           0%         N/A       100%        5
 Yara's Violent Unravell  Hex/Alch       0%         3d3       100%        5
 Dispersal                Tloc           0%         N/A       100%        6
 Lehudib's Crystal Spear  Conj/Erth      0%         10d2      100%        8


Dungeon Overview and Level Annotations

Branches:
Dungeon (15/15)            Temple (0/1) D:5            Lair (3/5) D:8
    Orc (2/2) D:11         Vaults (0/5) D:13
  Swamp: Lair:2-3    Shoals: Lair:2-3     Snake: Lair:2-3    Spider: Lair:2-3
    Elf: Orc:2       Depths: D:15

Altars:
Makhleb
Okawaru
Trog
Wu Jian

Shops:
D:3 [   Orc:2 ((

Portals:
Trove: D:10 (give +7 demon blade)

Annotations:
D:14 3 runed translucent doors, Cicylist's ghost, journeyman FoFi
Orc:2 Saint Roka


Innate Abilities, Weirdness & Mutations

You are immune to sickness and miasma.
Your stone body is resilient. (AC +10)
You are immune to poison.
Your large and strong wings let you fly.
You resist negative energy. (rN+)
You are resistant to electric shocks. (rElec)
You are resistant to unholy torment.
You are immune to petrification.


Message History

The green ugly thing is almost dead.
Your +6 spectral club hits the green ugly thing.
You block the green ugly thing's attack.
You closely miss the green ugly thing.
The green ugly thing is almost dead.
Your +6 spectral club hits the green ugly thing.
You kill the green ugly thing!
The Council accepts your kill.
You start resting.
Your +6 spectral club disappears.
HP restored.
There is an open door, spattered with blood here.
There is a stone staircase leading down here.
You fly downwards.
There is a stone staircase leading up here.
The deep elf pyromancer gestures at you while chanting.
The pyre arrow hits you.
You are covered in intense liquid fire!
You shake off some of the fire as you move.
The liquid fire burns you!
You closely miss the deep elf pyromancer.
Your +6 spectral club hits the deep elf pyromancer.
The liquid fire burns you!
You sock the deep elf pyromancer!
The deep elf pyromancer is moderately wounded.
Your +6 spectral club hits the deep elf pyromancer!
The liquid fire burns you!
The deep elf pyromancer gestures at you while chanting.
The bolt of fire hits you!!
You sock the deep elf pyromancer!
The deep elf pyromancer is severely wounded.
Your +6 spectral club completely misses the deep elf pyromancer.
The liquid fire burns you!
You thump the deep elf pyromancer!
The deep elf pyromancer is almost dead.
Your +6 spectral club misses the deep elf pyromancer.
The liquid fire burns you!
The deep elf pyromancer points at you and mumbles some strange words.
The bolt of fire hits you!!!
You die...

#..........#
###........## .####
#.........# ......
#.........## #....
#..........# #...
#..........## #..#
#...........# #..#
#...<.......## ##..#
#...).@e(....####...#
#...[........##.....##
#................uu..#
#.........#.....####..#
#.........##..### ..#
#........##..## #..
#........##.## #u
#...(...##.. # #..


You could see a deep elf pyromancer and a friendly +6 spectral club.

Vanquished Creatures
  Gastronok (D:11)
  An ironbound thunderhulk (D:13)
  A vault guard (D:13)
  A death knight (D:12)
  3 two-headed ogres
  3 boulder beetles
  2 tengu warriors
  2 centaur warriors
  An orc high priest (D:11)
  A skyshark (Lair:2)
  3 orc knights (Orc:2)
  14 ugly things
  4 orc sorcerers
  3 manticores
  5 cyclopes
  An elephant (D:8)
  3 meliai (D:13)
  3 kobold blastminers (Orc:2)
  A black mamba (Lair:2)
  A torpor snail (Lair:1)
  A gargoyle (D:12)
  3 cane toads
  Jeremiah (D:9)
  An unseen horror (D:12)
  2 komodo dragons
  A freezing wraith (D:14)
  2 rime drakes
  A tengu conjurer (D:14)
  9 trolls
  2 red devils (D:11)
  A queen bee (D:9)
  5 polar bears
  2 hornets
  8 dream sheep
  12 slime creatures
  A vampire (D:12)
  Sigmund (D:3)
  2 shadows
  2 wraiths
  5 wyverns
  18 yaks
  5 basilisks
  Eustachio (D:6)
  2 steam dragons (Lair:1)
  3 humans (D:12)
  3 wargs
  15 vampire mosquitoes
  3 acid dragons
  7 water moccasins
  33 orc warriors
  3 black bears
  2 ice beasts (D:7)
  15 ogres
  7 centaurs
  4 wolves (Lair:2)
  A boggart (D:14)
  4 lemures (D:9)
  2 phantoms
  A kobold brigand (D:11)
  7 bullfrogs
  A scorpion (D:4)
  4 wights
  5 howler monkeys
  36 killer bees
  2 bombardier beetles (D:4)
  A lava snake (D:10)
  4 jellies
  12 orc priests
  Ijyb (D:2)
  Natasha (twice) (D:3)
  3 iguanas
  21 orc wizards
  A mummy (D:4)
  Robin (D:2)
  3 gnolls (D:5)
  4 adders
  2 shadow imps
  A white imp (D:7)
  2 dart slugs
  2 ribbon worms
  69 orcs
  2 endoplasms (D:1)
  4 giant cockroaches
  13 goblins
  12 hobgoblins
  9 kobolds
  4 quokkas
  5 ball pythons
  7 bats
  12 frilled lizards
  A rat (D:2)
498 creatures vanquished.

Vanquished Creatures (others)
  10 spectral weapons
10 creatures vanquished.

Grand Total: 508 creatures vanquished

Notes
Turn   | Place    | Note
-------+----------+-------------------------------------------
     0 | D:1      | Marvel the Gargoyle Fighter began the quest for the Orb.
     0 | D:1      | Reached XP level 1. HP: 14/14 MP: 1/1
   108 | D:1      | Reached XP level 2. HP: 16/19 MP: 2/2
   423 | D:1      | Reached XP level 3. HP: 23/23 MP: 3/3
  1048 | D:2      | Noticed Robin
  1063 | D:2      | Killed Robin
  1084 | D:2      | Reached XP level 4. HP: 29/29 MP: 4/4
  1391 | D:2      | Reached skill level 1 in Dodging
  1663 | D:2      | Found a faded altar of an unknown god.
  1670 | D:2      | Prayed at the altar of an unknown god.
  1670 | D:2      | Became a worshipper of the Wu Jian Council
  1670 | D:2      | Reached * piety under Wu Jian
  1860 | D:3      | Found Plog's Armour Shoppe.
  2247 | D:3      | Reached XP level 5. HP: 29/33 MP: 5/5
  2347 | D:3      | Noticed Sigmund
  2349 | D:3      | Noticed Ijyb
  2350 | D:3      | Noticed Natasha
  2405 | D:3      | Killed Natasha
  2629 | D:3      | Killed Sigmund
  2630 | D:3      | Reached skill level 4 in Armour
  2630 | D:3      | Reached XP level 6. HP: 29/39 MP: 6/6
  2838 | D:3      | Paralysed by Ijyb for 5 turns
  2853 | D:2      | Paralysed by Ijyb for 3 turns
  2860 | D:2      | Killed Ijyb
  3157 | D:4      | Reached skill level 5 in Maces & Flails
  3157 | D:4      | Reached XP level 7. HP: 36/44 MP: 7/7
  4024 | D:5      | Entered Level 5 of the Dungeon
  4034 | D:5      | Reached skill level 5 in Fighting
  4334 | D:5      | Reached skill level 5 in Armour
  4573 | D:5      | Found a staircase to the Ecumenical Temple.
  4824 | D:5      | Reached XP level 8. HP: 47/49 MP: 8/8
  4899 | D:5      | Found a bloodstained altar of Trog.
  5072 | D:6      | Reached skill level 8 in Armour
  5072 | D:6      | Reached XP level 9. HP: 54/60 MP: 9/9
  5122 | D:6      | Noticed Eustachio
  5187 | D:6      | Killed Eustachio
  5435 | D:6      | Reached ** piety under Wu Jian
  5765 | D:7      | Noticed a two-headed ogre
  5765 | D:7      | Noticed a hornet
  5775 | D:7      | Killed a hornet
  5923 | D:7      | Killed a two-headed ogre
  5929 | D:7      | Reached skill level 9 in Armour
  5929 | D:7      | Reached XP level 10. HP: 39/66 MP: 10/10
  6110 | D:7      | Got Aseot's Quarto of Solid Enchantment
  6397 | D:8      | Noticed an elephant
  6416 | D:8      | Killed an elephant
  6417 | D:8      | Reached skill level 10 in Maces & Flails
  6659 | D:8      | Found a staircase to the Lair.
  6890 | D:8      | Found an iron altar of Okawaru.
  6896 | D:8      | Found an ornate altar of the Wu Jian Council.
  7218 | D:3      | Noticed Natasha
  7226 | D:3      | Killed Natasha
  7259 | D:3      | Bought a +0 pair of boots for 58 gold pieces
  7690 | D:8      | Reached *** piety under Wu Jian
  8393 | D:9      | Found a burning altar of Makhleb.
  8452 | D:9      | Noticed a balrug
  8497 | D:9      | Reached XP level 11. HP: 67/71 MP: 11/11
  8510 | D:9      | Reached skill level 10 in Armour
  8761 | D:9      | Noticed a two-headed ogre
  8769 | D:9      | Killed a two-headed ogre
  8859 | D:9      | Noticed Jeremiah
  8901 | D:9      | Killed Jeremiah
  9086 | D:10     | Entered Level 10 of the Dungeon
  9207 | D:10     | Reached **** piety under Wu Jian
  9417 | D:10     | Found a portal to a secret trove of treasure.
  9568 | D:10     | Reached skill level 10 in Fighting
  9568 | D:10     | Reached skill level 10 in Shields
 10770 | D:11     | Found a staircase to the Orcish Mines.
 10777 | D:11     | Noticed Gastronok
 10777 | D:11     | Noticed a boulder beetle
 10779 | D:11     | Noticed a cyclops
 10799 | D:11     | Killed Gastronok
 10800 | D:11     | Reached skill level 11 in Armour
 11260 | D:11     | Reached XP level 12. HP: 41/78 MP: 12/12
 11382 | D:11     | Killed a boulder beetle
 12337 | D:12     | Noticed a boulder beetle
 12381 | D:12     | Killed a boulder beetle
 13164 | D:11     | Reached skill level 12 in Armour
 13459 | D:13     | Noticed a centaur warrior
 13475 | D:13     | Killed a centaur warrior
 13634 | D:13     | Noticed an ironbound thunderhulk
 14032 | D:13     | Killed an ironbound thunderhulk
 14276 | D:13     | Reached ***** piety under Wu Jian
 14516 | D:13     | Found a gate to the Vaults.
 14518 | D:13     | Noticed a vault guard
 14547 | D:13     | Killed a vault guard
 14946 | D:13     | Noticed a tengu warrior
 14965 | D:13     | Killed a tengu warrior
 14966 | D:13     | Reached XP level 13. HP: 79/84 MP: 13/13
 15165 | D:14     | Reached skill level 13 in Armour
 15516 | D:14     | Noticed a frost giant
 15517 | D:14     | Found a runed translucent gate.
 15517 | D:14     | Noticed a merfolk javelineer
 15517 | D:14     | Noticed a merfolk impaler
 15518 | D:14     | Found a runed translucent gate.
 15518 | D:14     | Found a runed translucent gate.
 15518 | D:14     | Noticed Cicylist's ghost (journeyman FoFi)
 15520 | D:14     | Found an iron altar of Okawaru.
 16332 | Orc:1    | Entered Level 1 of the Orcish Mines
 17267 | Orc:2    | Entered Level 2 of the Orcish Mines
 18600 | Orc:2    | Reached skill level 14 in Armour
 18815 | Orc:2    | Found Kudyshali's Antique Weapon Boutique.
 18963 | Orc:2    | Found Mecem's Weapon Shop.
 19076 | Orc:2    | Gained mutation: Your large and strong wings let you fly.
                  | [Gargoyle growth]
 19076 | Orc:2    | Reached XP level 14. HP: 77/92 MP: 14/14
 19431 | Orc:2    | Noticed Saint Roka
 19434 | Orc:2    | Noticed an orc warlord
 19845 | Orc:2    | HP: 1/92 [Saint Roka/+2 antimagic war axe (12)]
 20181 | Lair:1   | Entered Level 1 of the Lair of Beasts
 21095 | Lair:2   | Reached ****** piety under Wu Jian
 23633 | D:14     | Reached skill level 15 in Armour
 23981 | D:15     | Entered Level 15 of the Dungeon
 23982 | D:15     | Identified the +3 battleaxe of the Eight Orbs {drain, MP-9
                  | Int+6}
 24524 | D:15     | Killed from afar by a deep elf pyromancer

Illustrated notes

Levels and vault maps discovered:
D:1:      minmay_arrival_arboretum_small, layout_basic, minmay_lizard_pond
D:2:      layout_loops_cross, dreamdust_ecumenical_altar_hidden_monk_grotto,
          uniq_robin
D:3:      layout_loops_corners, serial_shops, shop, skrybe_limestone_x,
          uniq_ijyb, uniq_sigmund, uniq_natasha
D:4:      nicolae_cairo_tiling_large, layout_basic, gup_ossuary_entry_pyramid,
          dk_noncrumbling_4
D:5:      layout_gridville, mainiacjoe_overflow_boulevard,
          minmay_temple_entry_mini_moons, st_stairs_11, kb_lookout_dungeons_type
D:6:      layout_cave_pools, uniq_eustachio
D:7:      layout_rooms
D:8:      layout_gridville, jmf_multi_god_temple2, david_lair_generic,
          amcnicky_mini_corridor_feature, kennysheep_generic_room_13
D:9:      layout_long_grid, makhleb_altar_promises_db, special_room
          [special_room_bee], uniq_pikel, uniq_jeremiah
D:10:     layout_gridville, nicolae_trove_entry_crossroad,
          kennysheep_small_spiral, chequers_serial_rivers_micro_e
D:11:     layout_roguey, orc_0_dummy, einodemon_armed_red_devil_minivault,
          uniq_gastronok
D:12:     layout_roguey
D:13:     layout_irregular_city, hellmonk_vaults_keyhole
D:14:     layout_roguey, gammafunk_ghost_fury_of_okawaru
D:15:     hellmonk_depths_entry_around_the_bend, layout_cave_pods
Lair:1:   layout_chaotic_city
Lair:2:   layout_cave_shapes, beast_lair_carwin_10, grunt_megastairs_4
Lair:3:   layout_regular_city, alex1729_swamp_entry_worm_eleionoma,
          nicolae_snake_entry_squirm
Orc:1:    layout_caves
Orc:2:    pubby_orc_utopia, serial_shops, uniq_saint_roka

Skill      XL: |  1  2  3  4  5  6  7  8  9 10 11 12 13 14 |
---------------+-------------------------------------------+-----
Fighting       | 4 5 8 9 10 11 12 | 12.9
Dodging        | 1 2 |  2.0
Maces & Flails | 3 4 5 6 8 9 10 11 12 13 14 | 14.5
Armour         | 4 5 8 9 11 12 14 15 | 15.0
Shields        | 4 8 9 10 11 12 13 | 13.5
Throwing       | |  0.6
Stealth        | |  0.8
Evocations     | |  0.6

Action                     |  1- 3 |  4- 6 |  7- 9 | 10-12 | 13-15 || total
---------------------------+-------+-------+-------+-------+-------++-------
  Melee: Flail             |   147 |   155 |       |       |       ||   302
         Club              |       |    12 |   188 |   948 |  1200 ||  2348
  Throw: Boomerang         |       |     4 |     6 |    32 |    29 ||    71
 Invoke: Serpent's Lash    |       |       |       |     1 |     5 ||     6
Ability: Lunge             |       |     6 |    10 |    36 |    41 ||    93
         Whirlwind         |       |     3 |     4 |    30 |    25 ||    62
         Wall Jump         |       |       |       |       |     4 ||     4
  Evoke: Wand              |       |       |       |     3 |       ||     3
    Use: Scroll            |       |     4 |     8 |    11 |     9 ||    32
         Potion            |       |     1 |     1 |       |     5 ||     7
   Stab: Distracted        |       |       |     2 |    15 |    24 ||    41
         Paralysed         |       |       |       |     2 |       ||     2
 Armour: Scale mail        |    98 |       |       |       |       ||    98
         Chain mail        |    69 |   157 |   181 |   264 |       ||   671
         Plate armour      |       |       |       |   392 |   664 ||  1056
  Dodge: Dodged            |    95 |    58 |   110 |   250 |   190 ||   703
  Block: Buckler           |    47 |    28 |    51 |   182 |   284 ||   592
